AoeStats
← Cuervo

Arabia

506562470Analyzed
4v4 RM · 18d ago on Sep 14, 2026· 44m 18s· 8 players
Game mode
Random Map
Map size
Large (8 player)
Population
200
Speed
Normal
Resources
Standard
Victory
Conquest
Starting age
Dark Age
Ending age
Imperial Age
RankedLock teamsTeams togetherTeam positionsShared explorationLock speedFull tech treeHidden civsTurbo modeCheats
Victory
Defeat
🇳🇮 Goths · Nicaragua
1078
+16
🇳🇮 Slavs · Nicaragua
1051
+17
🇺🇸 Britons · United States
1045
+17
🇻🇳 Bengalis · Vietnam
1045
+17
🇨🇱 Italians · Chile
1150
-20
🇦🇷 Byzantines · Argentina
1059
-16
🇦🇷 Koreans · Argentina
1052
-16
🇦🇷 Cumans · Argentina
1039
-15
Quack Y Attack
7:50 Loom
10:26 Feudal Age
11:36 Double-Bit Axe
11:36 Horse Collar
13:11 Fletching
22:26 Castle Age
21:02 Gold Mining
21:15 Padded Archer Armor
22:40 Crossbowman
24:18 Bodkin Arrow
30:09 Ballistics
33:26 Imperial Age
33:33 Arbalester
34:20 Bracer
35:36 Chemistry
36:23 Gold Shaft Mining
35:38 Stone Mining
36:37 Leather Archer Armor
38:41 Wheelbarrow
42:10 Warwolf
El tío Furcio!
3:25 Loom
12:04 Feudal Age
12:12 Man-at-Arms
14:07 Forging
15:47 Scale Mail Armor
24:21 Castle Age
23:39 Double-Bit Axe
23:39 Horse Collar
24:29 Long Swordsman
25:30 Squires
27:53 Chain Mail Armor
28:58 Pikeman
34:19 Bow Saw
34:11 Heavy Plow
34:58 Wheelbarrow
34:46 Gold Mining
34:48 Stone Mining
40:22 Imperial Age
38:09 Hand Cart
38:52 Anarchy
45:04 Iron Casting
45:09 Crop Rotation
Dark Matter
2:57 Loom
12:06 Feudal Age
17:40 Castle Age
15:43 Double-Bit Axe
24:48 Horse Collar
31:17 Bow Saw
31:11 Heavy Plow
30:43 Pikeman
32:24 Fletching
32:34 Padded Archer Armor
32:45 Forging
32:35 Scale Mail Armor
34:00 Wheelbarrow
35:15 Bodkin Arrow
35:36 Leather Archer Armor
36:40 Hand Cart
39:05 Chain Mail Armor
39:26 Iron Casting
46:53 Imperial Age
tranducnhan15
9:43 Loom
11:28 Feudal Age
19:14 Castle Age
17:35 Double-Bit Axe
18:13 Horse Collar
18:26 Gold Mining
19:49 Forging
21:29 Husbandry
21:55 Scale Barding Armor
23:14 Bloodlines
24:36 Stone Mining
27:36 Wheelbarrow
27:16 Bow Saw
27:43 Chain Barding Armor
28:58 Hand Cart
30:03 Iron Casting
32:20 Heavy Plow
32:57 Gold Shaft Mining
36:51 Imperial Age
34:14 Fletching
34:10 Elite Skirmisher
35:12 Padded Archer Armor
36:29 Leather Archer Armor
37:00 Bodkin Arrow
37:44 Paiks
39:15 Bracer
40:56 Chemistry
40:46 Treadmill Crane
40:32 Elite Battle Elephant
45:16 Plate Barding Armor
VZ | Thyrfing
5:51 Loom
9:11 Feudal Age
10:36 Double-Bit Axe
13:50 Town Watch
22:00 Fletching
25:17 Castle Age
23:25 Horse Collar
25:39 Crossbowman
28:23 Wheelbarrow
28:20 Gold Mining
28:52 Bodkin Arrow
34:19 Padded Archer Armor
37:21 Ballistics
44:11 Imperial Age
Cuervo
8:07 Loom
10:27 Feudal Age
11:57 Double-Bit Axe
14:39 Fletching
28:14 Castle Age
30:23 Bow Saw
35:22 Horse Collar
36:18 Elite Skirmisher
37:04 Thumb Ring
39:16 Stone Mining
39:17 Gold Mining
42:09 Heavy Plow
43:46 Wheelbarrow
47:05 Imperial Age
44:52 Hand Cart
Gitu
1:49 Loom
11:23 Feudal Age
11:56 Double-Bit Axe
11:54 Horse Collar
22:19 Castle Age
23:05 Wheelbarrow
23:13 Scale Barding Armor
23:36 Heavy Plow
24:43 Bow Saw
24:48 Pikeman
25:29 Squires
34:28 Imperial Age
35:28 Chain Barding Armor
35:19 Forging
36:06 Masonry
37:03 Elite Steppe Lancer
38:23 Iron Casting
40:54 Plate Barding Armor
40:47 Bloodlines
45:28 Blast Furnace
Zamba
10:43 Feudal Age
11:07 Loom
15:01 Castle Age
13:41 Horse Collar
13:48 Double-Bit Axe
24:06 Scale Barding Armor
25:35 Chain Barding Armor
26:00 Forging
27:00 Wheelbarrow
26:45 Husbandry
35:17 Imperial Age
36:38 Plate Barding Armor
35:27 Cavalier
37:09 Conscription
37:14 Fletching
37:24 Padded Archer Armor
38:29 Bodkin Arrow
38:06 Light Cavalry
39:09 Hussar
42:45 Iron Casting
Connection lost

Rejoining the realm…

Still unreachable

The connection could not be restored.

Session expired

The server has moved on; the page needs a fresh start.